 Dungeon Crawl Stone Soup version 0.22-a0-443-g17c3723 (webtiles) character file.

4506 Gorglomux the Cleaver (level 10, -1/56 HPs)
             Began as a Gargoyle Fighter on June 1, 2018.
             Was a Believer of the Shining One.
             Slain by a two-headed ogre
             ... wielding a +0 giant spiked club
              (5 damage)
             ... on level 9 of the Dungeon.
             The game lasted 00:02:58 (5787 turns).

Gorglomux the Cleaver (Gargoyle Fighter)            Turns: 5787, Time: 00:02:59

Health: -1/56      AC: 17    Str: 26    XL:     10   Next: 39%
Magic:  19/19      EV:  8    Int: 10    God:    the Shining One [**....]
Gold:   382        SH:  0    Dex: 11    Spells: 9/9 levels left

rFire    . . .     SeeInvis .   u - +8 battleaxe "Hoeniv" {freeze, +Rage rPois}
rCold    . . .     Gourm    .   (shield currently unavailable)
rNeg     + + .     Faith    .   k - +0 chain mail
rPois    ∞         Spirit   .   (no helmet)
rElec    +         Reflect  .   (no cloak)
rCorr    .         Harm     .   U - +0 pair of gloves
MR       .....                  (no boots)
Stlth    ..........             (no amulet)
HPRegen  0.18/turn              o - ring of magical power
MPRegen  0.16/turn              (no ring)

@: glowing
A: thin skeletal structure 1, clever 1, negative energy resistance 1,
electricity resistance, strong 1, unbreathing, petrification resistance, rot
immunity, AC +7
a: Divine Shield, Renounce Religion, Evoke Berserk Rage


You were on level 9 of the Dungeon.
You worshipped the Shining One.
The Shining One was pleased with you.
You were very hungry.

You visited 2 branches of the dungeon, and saw 10 of its levels.

You collected 466 gold pieces.
You spent 84 gold pieces at shops.

Inventory:

Hand Weapons
 a - a +0 war axe
 u - the +8 battleaxe "Hoeniv" (weapon) {freeze, +Rage rPois}
   (You found it on level 4 of the Dungeon)

   It has been specially enchanted to freeze those struck by it, causing extra
   injury to most foes and up to half again as much damage against particularly
   susceptible opponents.
   It can also slow down cold-blooded creatures.
   It protects you from poison.
   It lets you go berserk.
Armour
 c - a +0 shield
 k - a +0 chain mail (worn)
 U - a +0 pair of gloves (worn)
Jewellery
 o - a ring of magical power (left hand)
 N - an uncursed ring of see invisible {unknown}
 O - an uncursed ring of wizardry {unknown}
 Q - an uncursed ring of ice {unknown}
Wands
 A - a wand of acid (13)
 E - a wand of enslavement (14)
 P - a wand of paralysis (4)
Scrolls
 g - 6 scrolls of remove curse
 j - 2 scrolls of amnesia {unknown}
 m - a scroll of blinking {unknown}
 n - 3 scrolls of fear {unknown}
 r - 2 scrolls of fog {unknown}
 R - 4 scrolls of identify
 T - 4 scrolls of teleportation
 V - a scroll of immolation {unknown}
 Z - a scroll of magic mapping {unknown}
Potions
 d - a potion of might
 i - 4 potions of curing
 l - a potion of mutation {!q}
 p - a potion of agility {unknown}
 q - a potion of heal wounds {unknown}
 s - a potion of degeneration {unknown}
 t - a potion of haste {unknown}
 v - a potion of ambrosia {unknown}
 W - a potion of brilliance {unknown}
 X - a potion of invisibility {unknown}
 Y - 2 potions of magic {unknown}
Comestibles
 f - 14 rations


   Skills:
 - Level 3.2 Fighting
 + Level 13.3 Axes
 - Level 3.2 Armour
 - Level 3.2 Shields


You had 9 spell levels left.
You didn't know any spells.
Your spell library contained the following spells:

 Spells                   Type           Power        Failure   Level  Hunger
 Confuse                  Hex            #.......     100%        3    ####...
 Confusing Touch          Hex            #.....       94%         1    ##.....
 Metabolic Englaciation   Hex/Ice        #.........   100%        5    ######.
 Petrify                  Tmut/Erth      #.......     100%        4    #####..
 Gell's Gravitas          Tloc           #.........   100%        3    ####...
 Yara's Violent Unravell  Hex/Tmut       #.........   100%        5    ######.


Dungeon Overview and Level Annotations

Branches:
Dungeon (9/15)             Temple (1/1) D:6            Lair (0/6) D:9
    Orc: D:9-12

Altars:
Ashenzari
Cheibriados
Dithmenos
Elyvilon
Fedhas
Gozag
Hepliaklqana
Kikubaaqudgha
Makhleb
Nemelex Xobeh
Ru
Sif Muna
Trog
Uskayaw
Vehumet
Wu Jian
Xom
Yredelemnul
Zin
The Shining One

Shops:
D:5 *


Innate Abilities, Weirdness & Mutations

You are resistant to torment.
Your stone body is resilient. (AC +7)
You are immune to poison.
You resist negative energy. (rN+)
You are resistant to electric shocks. (rElec)
You can survive without breathing.
You are immune to petrification.
You are immune to rotting.
You have a somewhat thin skeletal structure. (Dex +2, Stealth)
Your mind is acute. (Int +2)
Your muscles are strong. (Str +2)


Message History

Unknown command!
Unknown command!
Unknown butt!
Unknown command!
The two-headed ogre butts you with a giant spiked club!!! * * * don't die
* * * The butt-headed ogre hits you with a giant club!!! * * * don't die
* * *
Okay, then!
Okay, then!
Okay, then!
As you read the scroll labeled CEACOR RUESCHA, it crumbles to dust!
It is a scroll of identify!
R - 4 scrolls of teleportation;
T - 4 scrolls of teleportation
R - 2 scrolls labeled PINUYRE QUANTAPU;
R - 4 scrolls of identify
r - 2 scrolls labeled PINUYRE QUANTAPU It was a potion of mutation!
You feel extremely strange!
Butt feel clever!
You feel stronger!
Your bones become slightly less dense!
The two-headed ogre hits you with a giant spiked club! rip

##...####
#..<...#
#.....?#
#......#
####...#
#+#.##...####
#.............
#.............
+.@O..........
#.............
#.............
##############


You could see a two-headed ogre.

Vanquished Creatures
  Pikel (D:7)
  An ugly thing (D:7)
  The ghost of aaksess the Digger, a novice DDEE of Vehumet (D:5)
  Sigmund (D:4)
  2 wargs (D:9)
  2 orc warriors
  3 sky beasts
  A black bear (D:7)
  4 phantoms
  An ogre (D:7)
  3 centaurs
  A big kobold (D:7)
  2 bullfrogs
  3 scorpions
  5 wights (D:8)
  2 howler monkeys
  4 crimson imps
  3 hounds
  2 jellies (D:5)
  4 orc priests
  4 orc wizards
  3 bullfrog skeletons
  2 iguanas (D:8)
  Terence (D:3)
  Ijyb (D:4)
  7 worker ants
  A killer bee zombie (D:5)
  9 adders
  3 shadow imps
  An ooze (D:1)
  An adder skeleton (D:6)
  4 worms
  2 dart slugs (D:1)
  10 leopard geckos
  19 orcs
  5 giant cockroaches
  8 goblins
  4 hobgoblins (D:2)
  10 jackals
  8 kobolds
  2 quokkas
  4 bats
  3 frilled lizards
  A leopard gecko zombie (D:5)
  4 rats
163 creatures vanquished.

Vanquished Creatures (others)
  3 slaves (D:7)
3 creatures vanquished.

Grand Total: 166 creatures vanquished

Notes
Turn   | Place    | Note
-------+----------+-------------------------------------------
     0 | D:1      | Gorglomux the Gargoyle Fighter began the quest for the Orb.
     0 | D:1      | Reached XP level 1. HP: 14/14 MP: 1/1
    50 | D:1      | Reached skill level 2 in Axes
    70 | D:1      | Reached XP level 2. HP: 19/19 MP: 2/2
   616 | D:2      | Reached skill level 3 in Axes
   626 | D:2      | Reached XP level 3. HP: 23/23 MP: 3/3
   769 | D:2      | Reached XP level 4. HP: 21/28 MP: 4/4
   930 | D:2      | Reached skill level 4 in Axes
  1146 | D:3      | Noticed Terence
  1151 | D:3      | Killed Terence
  1151 | D:3      | Reached XP level 5. HP: 32/32 MP: 5/5
  1364 | D:4      | Reached skill level 5 in Axes
  1389 | D:4      | Reached XP level 6. HP: 37/37 MP: 6/6
  1513 | D:4      | Got a warped battleaxe
  1519 | D:4      | Identified the +8 battleaxe "Hoeniv" {freeze, +Rage rPois} (You found it on level 4 of the Dungeon)
  1597 | D:4      | Reached skill level 6 in Axes
  1604 | D:4      | Noticed a phantom
  1626 | D:4      | Killed a phantom
  1775 | D:4      | Noticed Ijyb
  1776 | D:4      | Paralysed by Ijyb for 7 turns
  1786 | D:4      | Paralysed by Ijyb for 2 turns
  1790 | D:4      | Killed Ijyb
  1790 | D:4      | Reached XP level 7. HP: 41/41 MP: 7/7
  1811 | D:4      | Noticed Sigmund
  1824 | D:4      | Killed Sigmund
  1824 | D:4      | Reached skill level 7 in Axes
  2129 | D:5      | Entered Level 5 of the Dungeon
  2134 | D:5      | Found Quilun's General Store.
  2137 | D:5      | Bought a scroll of remove curse for 42 gold pieces
  2137 | D:5      | Bought a potion of curing for 42 gold pieces
  2638 | D:5      | Reached skill level 8 in Axes
  2671 | D:5      | Reached XP level 8. HP: 20/46 MP: 8/8
  2995 | D:5      | Noticed aaksess's ghost (novice DDEE)
  3006 | D:5      | Killed aaksess's ghost
  3006 | D:5      | Reached skill level 9 in Axes
  3454 | D:6      | Reached skill level 10 in Axes
  3522 | D:6      | Reached XP level 9. HP: 51/51 MP: 9/9
  3629 | D:6      | Found a staircase to the Ecumenical Temple.
  3725 | Temple   | Entered the Ecumenical Temple
  3808 | Temple   | Became a worshipper of the Shining One
  3900 | D:6      | Found a white marble altar of Elyvilon.
  4111 | D:7      | Found a blossoming altar of Fedhas.
  4162 | D:7      | Noticed Pikel
  4168 | D:7      | Killed Pikel
  4168 | D:7      | Reached skill level 11 in Axes
  4281 | D:7      | Found an opulent altar of Gozag.
  4663 | D:7      | Noticed a brown ugly thing
  4673 | D:7      | Killed a brown ugly thing
  4673 | D:7      | Reached skill level 12 in Axes
  4765 | D:7      | Reached XP level 10. HP: 56/56 MP: 10/10
  4959 | D:8      | Reached * piety under the Shining One
  5477 | D:8      | Reached skill level 13 in Axes
  5555 | D:8      | Reached ** piety under the Shining One
  5599 | D:8      | Found a burning altar of Makhleb.
  5599 | D:8      | Noticed a cacodemon
  5602 | D:8      | Noticed an orange demon
  5764 | D:9      | Found a staircase to the Lair.
  5769 | D:9      | Noticed a two-headed ogre
  5776 | D:9      | HP: 2/56 [two-headed ogre/giant spiked club (14)]
  5787 | D:9      | Gained mutation: Your mind is acute. (Int +2) [potion of mutation]
  5787 | D:9      | Gained mutation: Your muscles are strong. (Str +2) [potion of mutation]
  5787 | D:9      | Gained mutation: You have a somewhat thin skeletal structure. (Dex +2, Stealth) [potion of mutation]
  5787 | D:9      | Slain by a two-headed ogre

Vault maps used:
D:1:      dpeg_arrival_three_same_balls, minmay_misc_feat_x
D:2:      first_ration
D:3:      lemuel_round_altar, uniq_terence
D:4:      uniq_sigmund, uniq_ijyb
D:5:      serial_shops, nicolae_shop_behind_doors
D:6:      overflow_temple_1_default, minmay_temple_entry_overgrown
D:7:      kennysheep_mini_moat, the_bakery, fedhas_altar_3, uniq_pikel
D:8:      nicolae_water_bricks, makhleb_altar_promises_db
D:9:      kennysheep_okawaru_gauntlet, erik_lair_orcish_takeover, basic_altar
Temple:   compressed_dpeg_circular_temple

Skill      XL: |  1  2  3  4  5  6  7  8  9 10 |
---------------+-------------------------------+-----
Axes           | 2 3 4 5 6 8 10 12 13 | 13.3
Fighting       | |  3.2
Armour         | |  3.2
Shields        | |  3.2

Action                   |  1- 3 |  4- 6 |  7- 9 | 10-12 || total
-------------------------+-------+-------+-------+-------++-------
Melee: War axe           |    71 |   160 |       |       ||   231
       Battleaxe         |       |    30 |   137 |    53 ||   220
  Use: Scroll            |       |       |       |     1 ||     1
       Potion            |       |       |       |     1 ||     1
  Eat: Chunk             |       |     3 |    10 |     2 ||    15
Armor: Chain mail        |    36 |   126 |    95 |    28 ||   285
       Scale mail        |     6 |       |       |       ||     6
Dodge: Dodged            |    19 |    59 |    49 |    21 ||   148
Block: Shield            |    42 |    94 |       |       ||   136

Table legend:
 A = Spawn XP
 B = Non-spawn XP
 C = Spawn XP percentage of total XP
 D = Spawn monster count
 E = Non-spawn monster count
 F = Spawn count percentage of total count
 G = Total turns spent on level
                    A         B        C        D         E        F      G
               +---------+---------+-------+---------+---------+-------+---------
         Total |       0 |    6438 |   0.0 |       0 |     163 |   0.0 |  5787
               +---------+---------+-------+---------+---------+-------+---------
           D:1 |       0 |      29 |   0.0 |       0 |      10 |   0.0 |   614
           D:2 |       0 |      87 |   0.0 |       0 |      25 |   0.0 |   390
           D:3 |       0 |      81 |   0.0 |       0 |      17 |   0.0 |   353
           D:4 |       0 |     710 |   0.0 |       0 |      24 |   0.0 |   772
           D:5 |       0 |     951 |   0.0 |       0 |      14 |   0.0 |  1229
           D:6 |       0 |     650 |   0.0 |       0 |      21 |   0.0 |   601
           D:7 |       0 |    2171 |   0.0 |       0 |      23 |   0.0 |   887
           D:8 |       0 |    1167 |   0.0 |       0 |      21 |   0.0 |   818
           D:9 |       0 |     592 |   0.0 |       0 |       8 |   0.0 |    23
               +---------+---------+-------+---------+---------+-------+---------
